 Dungeon Crawl Stone Soup version 0.31-a0-865-g3d5d91748a (webtiles) character file.

Game seed: 14106932612412103427

5 ipx the Shield-Bearer (level 1, 11/11 HPs)
             Began as a Vine Stalker Fighter on Oct 10, 2023.
             Got out of the dungeon alive.
             The game lasted 00:01:08 (146 turns).

ipx the Shield-Bearer (Vine Stalker Fighter)         Turns: 146, Time: 00:01:08

Health: 11/11      AC:  6    Str: 18    XL:     1   Next: 80%
Magic:  2/2        EV:  9    Int:  8    God:
Gold:   0          SH:  4    Dex: 13    Spells: 0/0 levels left

rFire   . . .        a - +0 war axe
rCold   . . .        c - +0 buckler
rNeg    . . .        b - +0 scale mail
rPois   .            (no helmet)
rElec   .            (no cloak)
rCorr   .            (no gloves)
SInv    .            (no boots)
Will    .....        (no amulet) Stlth
                     (no ring)
HPRegen 1.01/turn    (no ring)
MPRegen 0.08/turn

%: guardian spirit
@: no status effects
A: fangs 2, regeneration 1, magic shield, antimagic bite, no potion heal 2
a: no special abilities


You escaped.
You visited 1 branch of the dungeon, and saw 1 of its levels.

Inventory:

Hand Weapons
 a - a +0 war axe (weapon)
Armour
 b - a +0 scale mail (worn)
 c - a +0 buckler (worn)
Potions
 d - a potion of might
 e - a potion of cancellation {unknown}


   Skills:
 - Level 2.6 Fighting
 + Level 2.2 Axes
 - Level 2.4 Armour
 - Level 2.6 Shields


You couldn't memorise any spells.
You didn't know any spells.
Your spell library was empty.

Dungeon Overview and Level Annotations

Branches:
Dungeon (1/15)

Altars:


Innate Abilities, Weirdness & Mutations

You have extremely sharp teeth.
Your natural rate of healing is unusually fast.
When hurt, damage is shared between your health and your magic reserves.
Your bite disrupts and absorbs the magic of your enemies.
Potions cannot restore your health.


Message History

Found an escape hatch in the floor.
The hobgoblin shouts!
The bat hits you but does no damage.
You slash the bat!
You kill the bat!
You hit the hobgoblin. The hobgoblin completely misses you.
You barely miss the hobgoblin. You bite the hobgoblin.
You kill the hobgoblin!
Your Axes skill increases to level 2!
You see here a hobgoblin corpse.
You open the door.
There is an open door here.
A bat comes into view.
You closely miss the bat. You bite the bat. You drain its power.
The bat is severely wounded.
The bat hits you but does no damage. x2
You barely miss the bat. Your bite misses the bat.
The bat is severely wounded.
You block the bat's attack. The bat hits you but does no damage.
The bat hits you.
You slash the bat!
You kill the bat!
Found a fizzy white potion.
e - a fizzy white potion A giant cockroach comes into view.
You closely miss the giant cockroach. You block the giant cockroach's attack.
The giant cockroach bites you but does no damage.
You closely miss the giant cockroach. Your bite misses the giant cockroach.
The giant cockroach bites you but does no damage.
You block the giant cockroach's attack.
You slash the giant cockroach!
You kill the giant cockroach!
Found 4 stones.
You open the door.
There is an open door here.
You see here a hobgoblin corpse.
The lindwurm roars!
The black mamba hisses angrily.
The jackal barks!
The black bear growls angrily.
There is a staircase leading out of the dungeon here.
You have escaped!

....>###.........#
......##8........#
......##..###..#.#
......#...#h#..#.#
....†##8..#k#..#.#
....†.....#S#..#.#
...####8..#k#..#.#
#'## #...#h#..#.#
#.# ####..###..#@#
#.# #.##8... ###
#.###.##.....
...##.###.8.8.
....#.# .....
...##.#
......#####.#
#####.......#
#########


There were no monsters in sight!

Vanquished Creatures
  2 bats (D:1)
  A giant cockroach (D:1)
  A hobgoblin (D:1)
4 creatures vanquished.

Notes
Turn   | Place    | Note
-------+----------+-------------------------------------------
     0 | D:1      | ipx the Vine Stalker Fighter began the quest for the Orb.
     0 | D:1      | Reached XP level 1. HP: 11/11 MP: 2/2
     6 | D:1      | Noticed a black bear
     6 | D:1      | Noticed a lindwurm
     6 | D:1      | Noticed a rime drake
     6 | D:1      | Noticed a black mamba
   146 | D:$      | Got out of the dungeon alive.

Illustrated notes

Levels and vault maps discovered:
D:1:      onia_arrival_zoo_common, layout_loops_corners

Skill      XL: |  1 |
---------------+----+-----
Axes           | 2 |  2.2
Fighting       | |  2.6
Armour         | |  2.4
Shields        | |  2.6

Action                     || total
---------------------------++-------
  Melee: War axe           ||     8
         Bite              ||     2
 Armour: Scale mail        ||     7
  Dodge: Dodged            ||     1
  Block: Buckler           ||     3

Table legend: (Time is in decaauts)
 A = Elapsed time spent in this place.
 B = Non-inter-level travel time spent in this place.
 C = Inter-level travel time spent in this place.
 D = Time resting spent in this place.
 E = Time spent auto-exploring this place.
 F = Levels seen in this place.
 G = Mean time per level.
                   A        B        C        D        E       F      G
               +--------+--------+--------+--------+--------+-----+--------+
         Total |    149 |    106 |     43 |      0 |      0 |   1 |  149.0 |
       Dungeon |    149 |    106 |     43 |      0 |      0 |   1 |  149.0 |
               +--------+--------+--------+--------+--------+-----+--------+

Top non-repeatable levels by time:
     D:1: 149 daAuts
